 Dungeon Crawl Stone Soup version 0.18-b1-2-gd0c887e (console) character file.

222 Dingbat the Skirmisher (level 5, -1/34 HPs)
             Began as a Gargoyle Monk on Apr 28, 2016.
             Was a Believer of the Shining One.
             Killed by divine providence
             ... invoked by an orc priest
              (14 damage)
             ... on level 4 of the Dungeon.
             The game lasted 00:09:56 (3680 turns).

Dingbat the Skirmisher (Gargoyle Monk)              Turns: 3680, Time: 00:09:56

Health: -1/34      AC:  8    Str: 14    XL:     5   Next: 99%
Magic:  4/6        EV: 17    Int: 12    God:    the Shining One [**....]
Gold:   160        SH:  8    Dex: 17    Spells: 0 memorised, 4 levels left

rFire  . . .     SeeInvis .       - Unarmed
rCold  . . .     Gourm    .     m - +1 leather armour
rNeg   + + .     Faith    .     (no shield)
rPois  ∞         Spirit   .     (no helmet)
rElec  +         Dismiss  .     (no cloak)
rCorr  .         Reflect  .     (no gloves)
SustAt .         Harm     .     (no boots)
MR     .....                    (no amulet)
Stlth  +.........               (no ring)
                                (no ring)

@: agile, divine shield, glowing, not resistant to hostile enchantments, very
unstealthy
A: negative energy resistance 1, electricity resistance, unbreathing,
petrification resistance, rot immunity, AC +4
a: Divine Shield, Renounce Religion


You were on level 4 of the Dungeon.
You worshipped the Shining One.
The Shining One was pleased with you.
You were not hungry.

You visited 1 branch of the dungeon, and saw 4 of its levels.

You collected 160 gold pieces.

Inventory:

Hand Weapons
 c - a +0 hunting sling
 o - a +0 mace
Missiles
 e - 44 stones (quivered)
 f - 33 poisoned needles
 j - 7 needles of sleeping
 k - 21 sling bullets
Armour
 a - a +0 robe
 m - a +1 leather armour (worn)
Scrolls
 i - a scroll of remove curse
 s - a scroll of magic mapping
Potions
 d - a potion of degeneration
 l - a potion of curing
 n - a potion of heal wounds {unknown}
 q - a potion of ambrosia {unknown}
 r - a potion of agility
Books
 g - a Necronomicon

   Spells                             Type                      Level
   a - Haunt                          Necromancy/Summoning         7
   b - Borgnjor's Revivification      Necromancy                   8
   c - Death's Door                   Charms/Necromancy            8
   d - Necromutation                  Transmutation/Necromancy     8
   The Shining One disapproves of the use of such an item.
Comestibles
 b - 4 bread rations
 h - 2 meat rations
 p - 3 fruits


   Skills:
 + Level 4.4 Fighting
 - Level 2.4 Throwing
 - Level 3.1 Armour
 - Level 2.4 Dodging
 - Level 2.1 Stealth
 - Level 4.0 Unarmed Combat
 + Level 2.4 Invocations


You had 4 spell levels left.
You didn't know any spells.

Dungeon Overview and Level Annotations

Branches:
Dungeon (4/15)
 Temple: D:4-7

Altars:
Sif Muna
The Shining One

Shops:
D:4 [

Annotations:
D:3 exclusion: downstairs
D:4 randart rmail, Renzlar's ghost, amateur TeCj


Innate Abilities, Weirdness & Mutations

You are resistant to torment.
Your stone body is resilient (AC +4).
You are immune to poison.
You resist negative energy.
You are resistant to electric shocks.
You can survive without breathing.
You are immune to petrification.
You are immune to rotting.


Message History

You feel agile all of a sudden.
Renzlar's ghost points at you and mumbles some strange words.
The magic dart hits you! The orc priest barely misses you.
You hit Renzlar's ghost but do no damage.
Renzlar's ghost is moderately damaged.
Renzlar's ghost points at you and mumbles some strange words.
The magic dart hits you!
You hit Renzlar's ghost but do no damage.
Renzlar's ghost is moderately damaged.
You block the orc priest's attack. You block Renzlar's ghost's attack.
You hit Renzlar's ghost.
Renzlar's ghost is moderately damaged.
The orc priest misses you.
Renzlar's ghost points at you and mumbles some strange words.
The magic dart hits you!
You closely miss Renzlar's ghost.
Renzlar's ghost is moderately damaged.
The orc priest calls down the wrath of Beogh upon you.
Beogh smites you!
You die...

#.#.######....#
#.#.# #.....
####...#######...#
#............##.##
#.##..######<.[...
#.##..# ####<##
#.##..# #.#
#W##..# ####.#
#@##..# #....#
o#######o##...
........#
...o.....#####
.###....#
########## ##.#.#
..... ######


You could see an orc priest and Renzlar's ghost.

Vanquished Creatures
  2 orc priests
  An orc wizard (D:3)
  2 worker ants (D:4)
  2 adders
  An adder skeleton (D:4)
  A worm (D:2)
  A dart slug (D:1)
  5 orcs
  4 ball pythons
  A giant cockroach (D:3)
  5 hobgoblins
  4 jackals
  3 quokkas
  8 bats
  2 giant newts (D:2)
  8 goblins
  10 kobolds
  3 rats
63 creatures vanquished.

Vanquished Creatures (others)
  A quokka (D:4)
1 creature vanquished.

Grand Total: 64 creatures vanquished

Notes
Turn   | Place    | Note
--------------------------------------------------------------
     0 | D:1      | Dingbat the Gargoyle Monk began the quest for the Orb.
     0 | D:1      | Reached XP level 1. HP: 14/14 MP: 1/1
   179 | D:3      | Reached skill level 1 in Throwing
   179 | D:3      | Reached skill level 1 in Armour
   179 | D:3      | Reached XP level 2. HP: 16/19 MP: 2/2
   629 | D:4      | Noticed a scorpion
   652 | D:3      | Found a glowing golden altar of the Shining One.
   663 | D:3      | Became a worshipper of the Shining One
   663 | D:3      | Reached * piety under the Shining One
   663 | D:3      | Reached ** piety under the Shining One
   901 | D:3      | Reached XP level 3. HP: 19/23 MP: 3/3
   984 | D:3      | Reached XP level 4. HP: 13/28 MP: 4/4
  1432 | D:4      | Reached skill level 1 in Invocations
  1501 | D:4      | Reached XP level 5. HP: 25/32 MP: 4/6
  1532 | D:4      | Found Iluggawk's Antique Armour Shoppe.
  1562 | D:4      | warped ring mail
  1573 | D:4      | Noticed Renzlar's ghost (amateur TeCj)
  2113 | D:1      | You fall through a shaft!
  2387 | D:2      | Found a deep blue altar of Sif Muna.
  3680 | D:4      | Killed from afar by an orc priest

Skill      XL: |  1  2  3  4  5 |
---------------+----------------+-----
Throwing       | 1 2 |  2.4
Armour         | 1 2 3 |  3.1
Invocations    | 1 2 |  2.4
Fighting       | 4 |  4.4
Dodging        | |  2.4
Stealth        | |  2.1
Unarmed Combat | |  4.0

Action                   |  1- 3 |  4- 6 || total
-------------------------+-------+-------++-------
Melee: Unarmed           |    87 |   159 ||   246
       Punch             |     1 |     5 ||     6
Throw: Stone             |       |     3 ||     3
Invok: Divine Shield     |       |     1 ||     1
  Use: Scroll            |     1 |     8 ||     9
       Potion            |       |     2 ||     2
 Stab: Sleeping          |     2 |       ||     2
  Eat: Chunk             |       |     7 ||     7
       Beef jerky        |       |     1 ||     1
Armor: Robe              |    22 |     5 ||    27
       Leather armour    |       |    73 ||    73
Dodge: Dodged            |    59 |    79 ||   138
Block: Other             |       |     5 ||     5
